Map: Ever Dream LE

Players

immOrTaL

  • Race: Zerg Zerg
  • League: Platinum
  • Spawn Location: 1:00

Unicorn - Winner!

  • Race: Protoss Protoss
  • Spawn Location: 7:00

VOD

Have the link to the VOD?

Description

Time

  • Played on: March 24, 2020, 2:15 p.m.
  • Length: 13:38
Show
View Real Time Build Order
Export as new Build Order

immOrTaL Zerg 

Build Orders: Hatch First, Swarm Host 

Get SALT Encoding   

  12  0:01  Drone  
  13  0:14  Overlord  
  13  0:22  Drone  
  14  0:32  Drone x2  
  16  0:53  Hatchery  
  16  0:55  Drone  
  16  0:56  Drone  
  17  0:59  Drone  
  17  1:02  Extractor  
  17  1:16  Spawning Pool  
  16  1:19  Drone  
  16  1:22  Drone  
  18  1:38  Overlord  
  18  1:41  Drone  
  19  1:52  Drone  
  20  2:05  Queen x2  
  20  2:07  Drone x2  
  26  2:30  Drone x2  
  28  2:38  Metabolic Boost  
  28  2:39  Zergling x2  
  28  2:42  Hatchery  
  28  2:43  Zergling x2  
  29  2:52  Evolution Chamber  
  29  2:55  Evolution Chamber  
  27  3:03  Drone x4  
  31  3:16  Drone  
  31  3:17  Drone x4  
  36  3:28  Overlord  
  36  3:29  Overlord  
  36  3:39  Overlord  
  36  3:45  Roach Warren  
  36  3:47  Lair  
  36  3:48  Drone  
  36  3:49  Drone  
  36  3:51  Drone  
  36  3:54  Drone  
  39  3:56  Drone  
  39  3:57  Drone  
  41  4:03  Queen  
  43  4:18  Drone x8  
  43  4:21  Overlord  
  51  4:31  Pneumatized Carapace  
  51  4:33  Overlord  
  51  4:34  Overlord  
  51  4:39  Drone x3, Extractor  
  51  4:40  Drone x2  
  55  4:47  Roach  
  55  4:48  Roach x2  
  61  4:55  Roach x4  
  69  5:08  Queen  
  69  5:10  Drone x3  
  69  5:11  Drone x3  
  69  5:12  Infestation Pit  
  76  5:23  Extractor  
  76  5:24  Drone x7  
  76  5:25  Overlord x2  
  82  5:29  Extractor  
  82  5:30  Extractor  
  78  5:44  Spore Crawler  
  75  6:06  Spire  
  74  6:30  Spore Crawler  
  73  6:45  Spore Crawler  
  73  6:46  Queen x2  
  74  6:47  Queen  
  78  6:58  Swarm Host  
  78  6:59  Swarm Host x5  
  78  7:00  Hatchery  
  95  7:02  Overlord x3  
  95  7:16  Overlord x2, Roach  
  95  7:17  Overlord  
  97  7:24  Corruptor x2  
  97  7:25  Corruptor  
  99  7:32  Corruptor  
  101  7:50  Corruptor x2  
  91  8:48  Corruptor  
  91  8:49  Corruptor x6  
  103  9:08  Hatchery  
  102  9:19  Corruptor  
  102  9:20  Corruptor x2  
  86  10:09  Roach  
  86  10:10  Roach x9  
  106  10:18  Drone  
  107  10:34  Corruptor x2  
  107  10:35  Corruptor x4  
  119  10:53  Corruptor x2  
  123  10:58  Extractor x2, Corruptor  
  123  11:12  Overlord x5  
  123  11:21  Overlord x3  
  123  11:28  Overlord x3  
  123  11:33  Corruptor x5  
  123  11:36  Extractor  
  131  11:42  Roach x4  
  138  11:56  Roach x7  
  148  12:12  Roach  
  148  12:13  Roach x5  
  90  12:50  Roach x8  
  90  12:51  Roach  
  90  13:04  Roach  
  90  13:05  Roach  
Show
View Real Time Build Order
Export as new Build Order

Unicorn Protoss - Winner!

Build Orders: 1 Gate Expand 

Get SALT Encoding   

  12  0:01  Probe  
  13  0:13  Probe  
  14  0:19  Pylon  
  14  0:25  Probe  
  15  0:37  Probe (Chrono Boost)  
  15  0:39  Gateway  
  16  0:48  Probe (Chrono Boost), Assimilator  
  17  0:53  Probe (Chrono Boost)  
  18  1:04  Probe  
  19  1:16  Probe  
  20  1:26  Nexus  
  20  1:36  Probe  
  21  1:43  Cybernetics Core  
  21  1:46  Assimilator  
  21  1:48  Probe (Chrono Boost)  
  22  2:00  Probe (Chrono Boost)  
  23  2:02  Pylon  
  23  2:18  Adept (Chrono Boost)  
  23  2:20  Gateway  
  23  2:21  Probe  
  26  2:35  Probe (Chrono Boost)  
  27  2:40  Probe (Chrono Boost)  
  28  2:44  Stargate  
  28  2:47  Stalker  
  28  2:50  Probe x2 (Chrono Boost)  
  32  2:54  Probe (Chrono Boost)  
  32  2:57  Probe  
  34  3:06  Probe  
  34  3:09  Probe  
  34  3:12  Stargate  
  36  3:18  Probe  
  37  3:20  Warp Gate (Chrono Boost)  
  37  3:22  Stalker  
  38  3:29  Probe  
  38  3:30  Probe  
  40  3:41  Probe  
  41  3:42  Assimilator  
  41  3:43  Probe, Assimilator  
  41  3:45  Pylon  
  45  3:48  Void Ray (Chrono Boost)  
  45  3:51  Pylon  
  46  4:03  Probe x2  
  48  4:10  Phoenix  
  48  4:15  Probe  
  51  4:20  Pylon  
  51  4:22  Pylon  
  51  4:26  Cybernetics Core  
  51  4:27  Forge  
  51  4:34  Stalker, Sentry  
  51  4:36  Probe (Chrono Boost)  
  57  4:41  Probe (Chrono Boost)  
  58  4:47  Probe (Chrono Boost)  
  58  4:50  Probe (Chrono Boost)  
  59  4:53  Pylon  
  59  4:59  Gateway, Probe  
  60  5:00  Probe  
  60  5:01  Gateway  
  61  5:30  Nexus  
  61  5:31  Void Ray x2 (Chrono Boost), Probe x2  
  71  5:43  Probe, Pylon  
  71  5:46  Pylon  
  71  5:49  Assimilator  
  72  6:02  Probe  
  73  6:05  Protoss Air Weapons Level 1  
  73  6:07  Stalker x4  
  83  6:12  Phoenix (Chrono Boost)  
  83  6:14  Phoenix (Chrono Boost)  
  85  6:27  Pylon  
  85  6:30  Probe x2, Pylon  
  85  6:32  Assimilator  
  87  6:42  Probe (Chrono Boost)  
  87  6:43  Probe (Chrono Boost)  
  90  6:48  Probe (Chrono Boost), Protoss Shields Level 1  
  90  6:51  Probe (Chrono Boost)  
  90  6:52  Probe (Chrono Boost)  
  92  6:55  Probe (Chrono Boost)  
  92  6:59  Photon Cannon  
  93  7:03  Gateway, Pylon  
  93  7:04  Gateway  
  93  7:05  Probe  
  93  7:06  Gateway x2, Probe  
  95  7:15  Shield Battery  
  95  7:16  Shield Battery  
  95  7:17  Void Ray  
  99  7:34  Void Ray (Chrono Boost)  
  103  7:55  Stalker x4  
  103  7:57  Void Ray (Chrono Boost)  
  115  8:12  Twilight Council, Void Ray (Chrono Boost)  
  115  8:13  Fleet Beacon  
  115  8:15  Protoss Air Armor Level 1  
  115  8:32  Void Ray  
  113  8:50  Blink (Chrono Boost)  
  113  9:12  Stalker  
  113  9:13  Stalker x4  
  113  9:14  Sentry x2  
  127  9:17  Nexus  
  127  9:20  Pylon  
  127  9:22  Pylon  
  127  9:24  Pylon  
  125  9:36  Void Ray x2  
  121  9:52  Stalker x5  
  125  9:53  Stalker  
  125  9:55  Protoss Ground Weapons Level 1 (Chrono Boost)  
  129  10:01  Unknown  
  117  10:19  Void Ray  
  121  10:32  Photon Cannon  
  121  10:33  Probe, Photon Cannon  
  121  10:34  Gateway  
  121  10:35  Shield Battery  
  122  10:36  Gateway  
  122  10:37  Gateway  
  122  10:39  Gateway  
  122  10:42  Probe x3  
  125  10:45  Probe  
  125  10:46  Void Ray  
  130  10:54  Probe x3  
  133  10:57  Probe  
  133  11:02  Void Ray  
  138  11:09  Probe  
  139  11:18  Charge (Chrono Boost)  
  139  11:21  Probe  
  140  11:30  Forge  
  140  11:32  Forge  
  140  11:34  Pylon  
  140  11:39  Void Ray  
  144  11:44  Void Ray  
  148  11:47  Nexus  
  148  11:51  Assimilator  
  148  11:55  Assimilator  
  148  11:57  Pylon  
  148  12:00  Pylon  
  140  12:01  Stalker  
  140  12:02  Stalker x6  
  144  12:21  Void Ray, Stalker x2  
  144  12:22  Stalker x3  
  158  12:26  Gateway  
  158  12:27  Gateway  
  158  12:30  Photon Cannon  
  158  12:32  Photon Cannon  
  158  12:35  Photon Cannon  
  154  12:38  Shield Battery  
  150  12:47  Pylon  
  150  12:50  Pylon  
  146  13:24  Stalker x6  
  146  13:25  Stalker  
Tags
 
Add a new tag
Caveats
  • Supply blocks, unpowered buildings, or Contaminate may cause inaccurate times.
  • Supply counts are checked every 10 seconds.